 Dungeon Crawl Stone Soup version 0.22-a0-858-g985ef60 (webtiles) character file.

1592 poirepourri the Cleaver (level 9, -1/64 HPs)
             Began as a Formicid Fighter on July 27, 2018.
             Was an Initiate of Qazlal.
             Slain by an orc warrior
             ... wielding a +0 mace
              (16 damage)
             ... on level 6 of the Dungeon.
             The game lasted 00:06:52 (6799 turns).

poirepourri the Cleaver (Formicid Fighter)          Turns: 6799, Time: 00:06:53

Health: -1/64      AC:  9    Str: 25    XL:     9   Next: 15%
Magic:  9/9        EV:  8    Int:  9    God:    Qazlal [......]
Gold:   173        SH: 12    Dex: 13    Spells: 8/8 levels left

rFire    . . .     SeeInvis +   a - +0 war axe
rCold    . . .     Gourm    .   c - +2 shield
rNeg     . . .     Faith    .   f - +0 scale mail
rPois    .         Spirit   .   (helmet unavailable)
rElec    .         Reflect  .   o - +0 cloak
rCorr    .         Harm     .   (no gloves)
MR       .....                  (no boots)
Stlth    ..........             r - amulet of the acrobat
HPRegen  0.20/turn              (no ring)
MPRegen  0.11/turn              l - +1 ring of protection

@: mighty
A: permanent stasis, dig shafts and tunnels, four strong arms, antennae 3
a: Dig, Shaft Self, Renounce Religion


You were on level 6 of the Dungeon.
You worshipped Qazlal.
Qazlal was noncommittal.
You were not hungry.

You visited 2 branches of the dungeon, and saw 7 of its levels.

You collected 173 gold pieces.

Inventory:

Hand Weapons
 a - a +0 war axe (weapon)
 b - a +2 flail of crushing
Missiles
 e - 59 bolts
Armour
 c - a +2 shield (worn)
 f - a +0 scale mail (worn)
 g - a +0 large shield
 o - a +0 cloak (worn)
Jewellery
 l - a +1 ring of protection (right hand)
 r - an amulet of the acrobat (around neck)
Wands
 i - a wand of paralysis (18)
 j - a wand of iceblast (3)
Scrolls
 h - 2 scrolls of remove curse
Potions
 d - a potion of cancellation
 k - a potion of invisibility {unknown}
 n - a potion of lignification
 q - a potion of curing {unknown}


   Skills:
 - Level 3.2 Fighting
 + Level 11.0 Axes
 - Level 3.2 Armour
 - Level 3.6 Shields


You had 8 spell levels left.
You didn't know any spells.
Your spell library contained the following spells:

 Spells                   Type           Power        Failure   Level  Hunger
 Mephitic Cloud           Conj/Pois/Air  #.......     100%        3    ####...
 Venom Bolt               Conj/Pois      #.........   100%        5    ######.
 Olgreb's Toxic Radiance  Pois           #.......     100%        4    #####..
 Sting                    Conj/Pois      #...         97%         1    ##.....
 Poisonous Vapours        Pois/Air       #.....       99%         2    ###....


Dungeon Overview and Level Annotations

Branches:
Dungeon (6/15)             Temple (1/1) D:6

Altars:
Cheibriados
Dithmenos
Elyvilon
Gozag
Hepliaklqana
Kikubaaqudgha
Makhleb
Okawaru
Qazlal
Ru
Sif Muna
Trog
Vehumet
Wu Jian
Xom
Yredelemnul
Zin
The Shining One

Shops:
D:5 [


Innate Abilities, Weirdness & Mutations

You cannot be hasted, slowed, berserked, paralysed or teleported.
You can dig through walls and to a lower floor.
Your four strong arms can wield two-handed weapons with a shield.
You have a pair of large antennae on your head. (SInv)


Message History

The orc warrior is lightly wounded.
You block the orc warrior's attack.
The orc wizard mumbles some strange words.
The orc wizard flickers and vanishes for a moment.
You hit the orc warrior but do no damage.
The orc warrior is lightly wounded.
The orc warrior barely misses you.
You slash the orc warrior!
The orc warrior is moderately wounded.
The orc warrior hits you with a mace!
You closely miss the orc warrior.
The orc warrior is moderately wounded.
You block the orc warrior's attack.
You feel very mighty all of a sudden. The orc warrior hits you with a mace!
* * * LOW HITPOINT WARNING * * *
You hit the orc warrior.
The orc warrior is heavily wounded.
The orc warrior hits you with a mace!
You die...

#. #..?.... .. . #.
####...♣ .# .## #.#
#.... .# ..# #.. #...♣
..#.# #.## #.... .#.##
#..###...# 5o..
#.....#..
#o##.#####..####.#
#######@##.o..#..#####.#
......#.## #........#.#
#....# ###..###.#.#
###..####.....# .#
#..##....##.....
#....._..# #<....
###.#.....## #..w.
.####.....###..........
......#.### #####.. ...


You could see an orc warrior, an orc wizard (invisible) and a crimson imp.

Vanquished Creatures
  Prince Ribbit (D:5)
  Sigmund (D:2)
  Eustachio (D:4)
  2 ogres (D:5)
  A bullfrog (D:6)
  A scorpion (D:5)
  2 crimson imps (D:5)
  A bullfrog skeleton (D:5)
  A centaur zombie (D:5)
  2 orc priests
  A hound (D:4)
  2 iguanas
  An orc wizard (D:4)
  Terence (D:2)
  Natasha (thrice) (D:4)
  2 worker ants
  A killer bee zombie (D:6)
  A hound skeleton (D:4)
  Robin (D:2)
  7 gnolls
  14 adders
  A shadow imp (D:3)
  2 oozes (D:3)
  An adder skeleton (D:4)
  3 worms
  2 dart slugs (D:1)
  4 leopard geckos
  17 orcs
  A ball python (D:2)
  7 bats
  4 giant cockroaches
  11 goblins
  9 hobgoblins
  5 kobolds
  5 quokkas
  11 frilled lizards
  5 rats
135 creatures vanquished.

Notes
Turn   | Place    | Note
-------+----------+-------------------------------------------
     0 | D:1      | poirepourri the Formicid Fighter began the quest for the Orb.
     0 | D:1      | Reached XP level 1. HP: 18/18 MP: 1/1
   113 | D:1      | Reached XP level 2. HP: 21/24 MP: 2/2
   256 | D:1      | Reached skill level 3 in Axes
   426 | D:1      | Reached XP level 3. HP: 29/29 MP: 3/3
   669 | D:2      | Noticed Terence
   679 | D:2      | Killed Terence
   679 | D:2      | Reached skill level 4 in Axes
   679 | D:2      | Reached XP level 4. HP: 28/35 MP: 4/4
  1312 | D:2      | Reached XP level 5. HP: 28/41 MP: 5/5
  1313 | D:2      | Found an iron altar of Okawaru.
  1388 | D:2      | Noticed Robin
  1405 | D:2      | Killed Robin
  1405 | D:2      | Reached skill level 5 in Axes
  1687 | D:2      | Found a sacrificial altar of Ru.
  1687 | D:2      | Noticed Sigmund
  1708 | D:2      | Killed Sigmund
  1708 | D:2      | Reached skill level 6 in Axes
  1708 | D:2      | Reached XP level 6. HP: 17/47 MP: 6/6
  3106 | D:3      | Reached XP level 7. HP: 51/52 MP: 7/7
  3295 | D:3      | Reached skill level 7 in Axes
  3795 | D:4      | Noticed Natasha
  3801 | D:4      | Killed Natasha
  3891 | D:4      | Noticed Eustachio
  4300 | D:4      | Killed Eustachio
  4300 | D:4      | Reached skill level 8 in Axes
  4699 | D:4      | Noticed Natasha
  4723 | D:4      | Killed Natasha
  4726 | D:4      | Reached XP level 8. HP: 11/58 MP: 8/8
  4804 | D:4      | Noticed Natasha
  5059 | D:4      | Killed Natasha
  5425 | D:4      | Found a white marble altar of Elyvilon.
  5694 | D:5      | Entered Level 5 of the Dungeon
  5728 | D:5      | Reached skill level 9 in Axes
  5825 | D:5      | Reached skill level 10 in Axes
  5921 | D:5      | Found Eroor's Armour Boutique.
  6041 | D:5      | Noticed Prince Ribbit
  6157 | D:5      | Killed Prince Ribbit
  6157 | D:5      | Reached XP level 9. HP: 51/64 MP: 9/9
  6337 | D:6      | Found a staircase to the Ecumenical Temple.
  6547 | Temple   | Entered the Ecumenical Temple
  6711 | Temple   | Became a worshipper of Qazlal Stormbringer
  6737 | D:6      | Found a bloodstained altar of Trog.
  6774 | D:6      | Reached skill level 11 in Axes
  6799 | D:6      | Slain by an orc warrior

Vault maps used:
D:1:      enne_arrival_octagon_isle
D:2:      okawaru_trees_1, old_standard_altar, uniq_sigmund, uniq_terence,
          uniq_robin
D:4:      kennysheep_mini_moat, uniq_eustachio, uniq_natasha
D:5:      first_ration, serial_shops, shop, grunt_ministairs_12,
          uniq_prince_ribbit1
D:6:      minmay_temple_entry_trees, minmay_misc_feat_more_columns, bloody_trog,
          uniq_crazy_yiuf_cottage
Temple:   bh_familiar_temple

Skill      XL: |  1  2  3  4  5  6  7  8  9 |
---------------+----------------------------+-----
Axes           | 3 4 6 8 10 11 | 11.0
Fighting       | |  3.2
Armour         | |  3.2
Shields        | |  3.6

Action                   |  1- 3 |  4- 6 |  7- 9 || total
-------------------------+-------+-------+-------++-------
Melee: War axe           |    81 |   190 |   282 ||   553
Evoke: Wand              |       |       |     2 ||     2
  Use: Potion            |     1 |       |     1 ||     2
       Scroll            |       |     7 |     5 ||    12
 Stab: Paralysed         |       |       |     6 ||     6
  Eat: Chunk             |       |     2 |     3 ||     5
       Ration            |       |     2 |     3 ||     5
Armor: Scale mail        |    10 |    54 |   111 ||   175
       Chain mail        |    40 |     7 |       ||    47
Dodge: Dodged            |    19 |    77 |    92 ||   188
Block: Shield            |    52 |   115 |   161 ||   328

Table legend:
 A = Spawn XP
 B = Non-spawn XP
 C = Spawn XP percentage of total XP
 D = Spawn monster count
 E = Non-spawn monster count
 F = Spawn count percentage of total count
 G = Total turns spent on level
                    A         B        C        D         E        F      G
               +---------+---------+-------+---------+---------+-------+---------
         Total |       0 |    2275 |   0.0 |       0 |     135 |   0.0 |  6799
               +---------+---------+-------+---------+---------+-------+---------
           D:1 |       0 |      40 |   0.0 |       0 |      22 |   0.0 |   669
           D:2 |       0 |     370 |   0.0 |       0 |      30 |   0.0 |  1635
           D:3 |       0 |     253 |   0.0 |       0 |      33 |   0.0 |  2022
           D:4 |       0 |     480 |   0.0 |       0 |      23 |   0.0 |  1368
           D:5 |       0 |     905 |   0.0 |       0 |      17 |   0.0 |   771
           D:6 |       0 |     227 |   0.0 |       0 |      10 |   0.0 |   150
               +---------+---------+-------+---------+---------+-------+---------
